Map: Void Thrashing

Players

shagot

  • Race: Protoss Protoss
  • Spawn Location: 6:00

NamroodTuo

  • Race: Zerg Zerg

VOD

Have the link to the VOD?

Description

Time

  • Played on: Jan. 6, 2023, 4:22 p.m.
  • Length: 18:17
Show
View Real Time Build Order
Export as new Build Order

shagot Protoss 

Build Orders:  

Get SALT Encoding   

  12  0:07  Probe (Chrono Boost)  
  13  0:13  Dark Pylon  
  13  0:19  Probe (Chrono Boost)  
  14  0:32  Probe (Chrono Boost)  
  15  0:45  Gateway  
  15  0:50  Assimilator  
  15  0:55  Probe (Chrono Boost)  
  16  1:07  Probe (Chrono Boost)  
  17  1:19  Probe (Chrono Boost)  
  18  1:29  Forge  
  18  1:32  Probe (Chrono Boost)  
  18  1:37  Dark Pylon  
  19  1:44  Assimilator  
  19  1:50  Centurion  
  19  1:51  Probe (Chrono Boost)  
  22  2:03  Probe (Chrono Boost)  
  23  2:13  Cybernetics Core  
  23  2:18  Centurion  
  25  2:37  Gateway  
  25  3:12  Gateway  
  25  3:13  Gateway  
  25  3:20  Gateway, Warp Gate  
  25  3:22  Dark Pylon  
  25  4:02  Photon Cannon  
  25  4:03  Photon Cannon  
  25  4:06  Photon Cannon x2  
  25  4:29  Dark Pylon  
  25  4:40  Stalker x3  
  25  4:45  Stalker  
  33  5:16  Stalker  
  33  5:17  Stalker x2  
  39  6:27  Dark Pylon  
  39  6:30  Twilight Council  
  39  7:12  Blink  
  39  8:07  Nexus  
  39  8:09  Stalker x2  
  43  8:10  Stalker x2  
  43  8:12  Phase Reactor, Assimilator  
  43  8:14  Stalker  
  43  8:18  Assimilator  
  49  8:22  Dark Pylon  
  49  9:18  Stargate, Darkcoil  
  49  9:19  Stargate  
  49  9:22  Stargate  
  49  9:25  Stargate  
  49  9:27  Stargate  
  50  9:42  Probe (Chrono Boost)  
  50  9:52  Stalker x3  
  50  9:55  Centurion  
  50  9:59  Probe (Chrono Boost)  
  59  10:03  Centurion  
  61  10:16  Probe (Chrono Boost)  
  63  10:31  Shadow Charge  
  63  10:33  Probe (Chrono Boost)  
  63  10:49  Probe (Chrono Boost)  
  64  11:12  Probe (Chrono Boost)  
  64  11:16  Probe (Chrono Boost)  
  66  11:24  Probe (Chrono Boost)  
  68  11:33  Probe (Chrono Boost)  
  68  11:37  Probe (Chrono Boost)  
  69  11:42  Photon Cannon  
  69  11:43  Photon Cannon  
  69  11:46  Photon Cannon  
  69  11:48  Photon Cannon  
  69  11:49  Probe (Chrono Boost)  
  71  11:50  Probe (Chrono Boost), Photon Cannon  
  71  11:51  Dark Pylon  
  71  11:52  Photon Cannon  
  71  12:01  Probe (Chrono Boost)  
  71  12:07  Probe (Chrono Boost)  
  74  12:24  Probe (Chrono Boost)  
  74  13:24  Fleet Beacon  
  74  13:31  Pylon  
  74  13:34  Pylon  
  74  13:41  Void Ray x3  
  74  13:42  Forge  
  86  13:50  Dark Pylon  
  86  13:53  Void Ray x2  
  94  14:00  Forge  
  94  14:01  Cybernetics Core  
  94  14:04  Probe (Chrono Boost)  
  94  14:08  Probe (Chrono Boost)  
  96  14:25  Probe (Chrono Boost)  
  97  14:39  Oracle  
  97  14:53  Oracle x2  
  97  14:57  Void Ray  
  97  14:58  Void Ray  
  108  15:09  Stealth Drive  
  108  15:10  Dark Pylon  
  114  15:24  Pylon  
  114  15:27  Pylon  
  114  15:29  Void Ray  
  118  15:30  Pylon  
  118  15:33  Pylon  
  118  15:38  Pylon  
  110  16:14  Stasis Calibration  
  108  16:28  Centurion x2  
  108  16:29  Centurion  
  114  16:30  Stalker  
  114  16:31  Stalker  
Show
View Real Time Build Order
Export as new Build Order

NamroodTuo Zerg 

Build Orders:  

Get SALT Encoding   

  12  0:07  Infested SCV  
  13  0:19  Overlord  
  13  0:26  Infested SCV  
  14  0:44  Infested Barracks  
  14  0:50  Infested SCV  
  15  1:03  Infested SCV  
  15  1:07  Infested SCV  
  17  1:18  Infested SCV  
  18  1:21  Infested SCV  
  19  1:39  Infested SCV  
  20  1:47  Infestation Level 1  
  20  1:54  Infested SCV  
  21  2:10  Infested SCV  
  21  2:16  Infested Engineering Bay  
  22  2:21  Infested Refinery  
  22  2:24  Infested Refinery  
  22  2:26  Infested SCV  
  23  2:48  Overlord  
  23  3:05  Overlord  
  23  3:19  Infested Bunker  
  27  3:37  Infested Barracks Tech Lab  
  27  3:40  Infested SCV  
  27  3:47  Anaerobic Enhancement  
  27  3:48  Infested SCV  
  27  3:49  Infested SCV  
  30  4:20  Infested Barracks  
  30  4:45  Retinal Augmentation  
  30  4:47  Infestation Level 2  
  30  4:56  Infested Marine x4  
  30  4:57  Infested Marine x4  
  38  5:29  Unknown  
  33  5:43  Regenerative Plating  
  33  5:45  Infested SCV  
  33  5:48  Overlord  
  33  5:49  Overlord x2  
  34  5:59  Infested SCV  
  35  6:04  Infested SCV  
  36  6:21  Infested Marine x2  
  36  6:22  Infested Marine x4  
  36  6:23  Infested Marine  
  40  6:47  Broodling Gestation  
  40  7:03  Infested SCV  
  40  7:04  Overlord x2  
  41  7:16  Infested Factory  
  41  7:24  Infested Barracks  
  41  7:27  Infested SCV  
  41  7:29  Infested SCV  
  43  7:46  Infested Marine x5  
  43  7:47  Infested Marine x3  
  44  8:00  Infested Barracks  
  44  8:04  Infested Bunker  
  48  8:18  Plagued Munitions  
  48  8:41  Infested Marine x5  
  53  8:51  Stukov Infantry Weapons Level 1  
  53  9:08  Infested Missile Turret  
  53  9:18  Infested Missile Turret  
  45  9:35  Infested Command Center  
  45  9:43  Infested Marine x8  
  45  9:44  Infested Marine x3  
  45  9:48  Infested Marine x2  
  45  9:49  Infested Marine  
  59  10:11  Infested Marine  
  59  10:12  Infested Marine x15  
  74  10:50  Infested Bunker  
  74  11:15  Infested Marine x3  
  74  11:16  Infested Marine x3  
  69  11:25  Infested SCV x3  
  69  11:31  Stukov Infantry Armor Level 1  
  69  11:39  Infested Bunker  
  73  11:49  Infested Missile Turret  
  57  12:33  Infested Marine  
  57  12:34  Infested Marine x10  
  57  12:35  Infested Marine x25  
  57  12:36  Infested Marine  
  88  13:07  Infested Bunker  
  90  13:37  Infested Marine  
  90  13:38  Infested Marine x9  
  94  14:08  Overlord x5  
  87  14:11  Stukov Infantry Weapons Level 2  
  87  14:19  Overlord x3  
  65  14:45  Infested Armory  
  65  14:54  Infested SCV x2  
  67  15:15  Infested SCV  
  67  15:16  Infested SCV  
  59  15:26  Infested Marine x4  
  59  15:27  Infested Marine x25  
  59  15:28  Infested Marine x9  
  97  15:53  Infested Marine  
  97  15:54  Infested Marine x13  
  97  15:55  Infested Marine x17  
  97  15:56  Infested Marine  
  85  17:21  Infested Marine x10  
  85  17:22  Infested Marine x13  
  97  17:38  Infested Marine x5  
  97  17:39  Infested Marine x12  
  99  17:58  Infested Marine x6  
  99  17:59  Infested Marine x15  
Tags
 
Commander
StukovVorazun
Matchup
Co-op
Replay Pack
Multiplayer
Add a new tag
Caveats
  • Supply blocks, unpowered buildings, or Contaminate may cause inaccurate times.
  • Supply counts are checked every 10 seconds.